Description

  • 20 2nd pylon
  • 20 core
  • 23/24 Nexus
  • @gateway
    • Zealot
    • Adept
    • 2xstalkers
  • 26 2nd gas
  • 28/29 ~2:30 - robo
  • @robo
    • Robo bay
    • Prism
    • Collossus + prism speed
    • Keep building collossi
  • 2nd + 3rd gate
  • /54 pylon
  • Double gas on natural
  • Add more sentries and stalkers + collossus range
  • Take 3rd base
  • Add forge + twilight and go to 7 gates

VOD

https://www.youtube.com/watch?v=fN0WID335dk

Replay - Colossus Drop PvT

Build Order

Get SALT Encoding   

  12  0:01  Probe  
  13  0:13  Probe  
  14  0:22  Pylon  
  14  0:25  Probe  
  15  0:37  Probe  
  15  0:41  Gateway  
  16  0:45  Probe  
  16  0:47  Assimilator  
  17  0:54  Probe  
  18  1:06  Probe  
  19  1:13  Pylon  
  18  1:18  Probe  
  19  1:29  Zealot, Cybernetics Core  
  19  1:30  Probe  
  22  1:42  Probe  
  23  1:56  Nexus  
  23  1:57  Adept  
  26  2:10  Assimilator  
  26  2:15  Warp Gate  
  28  2:33  Robotics Facility  
  28  2:59  Stalker  
  28  3:05  Pylon  
  33  3:24  Robotics Bay  
  34  3:29  Stalker  
  38  3:36  Warp Prism  
  45  4:04  Colossus  
  45  4:06  Gravitic Drive  
  43  4:11  Gateway  
  51  4:34  Gateway  
  53  4:38  Assimilator  
  53  4:47  Pylon x2  
  53  4:51  Assimilator  
  52  5:17  Nexus  
  52  5:20  Sentry  
  56  5:23  Disruptor  
  65  6:03  Colossus  
  66  6:05  Stalker x2  
  77  6:43  Sentry x2  
  82  6:48  Twilight Council  
  82  6:51  Forge  
  84  7:00  Gateway x2  
  85  7:01  Stalker  
  85  7:07  Colossus  
  83  7:17  Protoss Ground Weapons Level 1  
  83  7:22  Assimilator x2  
  91  7:31  Zealot x3  
  99  8:01  Gateway x2, Immortal  
  103  8:17  Stalker x2, Zealot x3  
  115  8:21  Nexus  
  111  8:42  Stalker x3  
  111  8:43  Zealot x2  
  116  9:06  Assimilator x2  
Spawning Tool Build Advisor. Get it on Overwolf

Analysis

  • Potentially finish with 2-3 colossus stalker/sentry push on terran
  • Colossi drop goes straight across and manually target the scvs and/or clumped marines as much as possible
    • Dive straight past danger don’t be too afraid unless there’s a raven - in which case you have to dodge the interference matrix if they have enough support on the ground
  • If you wanna make this a bit filthier, always commit to the 2-base timing attack follow-up off 44 probes, 8-gates, 4-gases. 2-3 collossus with lots of sentry/stalker. No twilight/forge or 3rd base.

Go to:

Details

  • Created by: PiG      
  • Published on: Aug 08, 2019
  • Modified on: Aug 09, 2019
  • Patch: 4.7.1
Show
View Real Time Build Order
Export as new Build Order

Comments (0)

There are no comments. Be the first!

Create an account to comment!